AoeStats
← fares_x86

Arena

509699158Analyzed
2v2 RM · 5d ago on Sep 27, 2026· 56m 36s· 4 players
Game mode
Random Map
Map size
Medium (4 player)
Population
200
Speed
Normal
Resources
Standard
Victory
Conquest
Starting age
Dark Age
Ending age
Imperial Age
RankedLock teamsTeams togetherTeam positionsShared explorationLock speedFull tech treeHidden civsTurbo modeCheats
Victory
Defeat
🇹🇷 Spanish · Türkiye
933
+24
🇫🇮 Franks · Finland
896
+17
🇹🇷 Vietnamese · Türkiye
926
-17
🇦🇷 Khmer · Argentina
919
-34
fares_x86
0:48 Loom
11:02 Feudal Age
17:26 Castle Age
15:24 Double-Bit Axe
15:25 Horse Collar
23:45 Heavy Plow
24:01 Bow Saw
27:08 Wheelbarrow
29:31 Imperial Age
26:47 Loom
26:50 Town Watch
27:02 Pikeman
27:36 Fletching
27:48 Scale Mail Armor
28:06 Stone Mining
28:07 Gold Mining
27:59 Elite Skirmisher
29:57 Ballistics
29:51 Masonry
30:56 Hand Cart
32:42 Chemistry
33:32 Halberdier
35:11 Chain Mail Armor
35:56 Imperial Skirmisher
39:01 Bodkin Arrow
39:06 Padded Archer Armor
41:46 Murder Holes
43:39 Leather Archer Armor
43:55 Plate Mail Armor
43:36 Forging
43:27 Bracer
fmoralof
6:04 Loom
10:37 Feudal Age
12:37 Double-Bit Axe
16:03 Castle Age
23:43 Bloodlines
23:35 Husbandry
25:16 Horse Collar
26:37 Wheelbarrow
26:25 Heavy Plow
26:29 Fletching
27:12 Bodkin Arrow
28:31 Murder Holes
29:52 Hand Cart
33:13 Imperial Age
35:01 Conscription
34:03 Elite Ballista Elephant
36:17 Bracer
36:18 Padded Archer Armor
36:55 Light Cavalry
39:17 Hussar
40:33 Pikeman
46:23 Ballistics
47:04 Chemistry
45:32 Halberdier
49:49 Double Crossbow
50:40 Bow Saw
Pire
10:44 Feudal Age
9:01 Loom
11:53 Double-Bit Axe
16:28 Castle Age
15:34 Forging
16:47 Wheelbarrow
16:20 Scale Mail Armor
17:12 Pikeman
18:38 Scale Barding Armor
23:32 Fletching
26:15 Husbandry
26:16 Gambesons
28:11 Squires
28:28 Man-at-Arms
30:03 Long Swordsman
32:25 Iron Casting
36:09 Imperial Age
33:40 Gold Mining
33:43 Stone Mining
34:06 Bow Saw
34:59 Hand Cart
34:49 Town Watch
37:16 Town Patrol
38:16 Cavalier
38:32 Halberdier
39:55 Chain Mail Armor
46:07 Bodkin Arrow
56:12 Two-Handed Swordsman
Senbonzakura Kageyoshi
3:43 Loom
10:39 Feudal Age
13:03 Double-Bit Axe
14:26 Wheelbarrow
18:08 Castle Age
16:27 Stone Mining
21:31 Stone Shaft Mining
23:40 Bow Saw
26:04 Horse Collar
27:15 Gold Mining
29:23 Fletching
33:45 Imperial Age
31:32 Heavy Plow
31:44 Scale Barding Armor
31:39 Scale Mail Armor
31:54 Forging
32:49 Inquisition
33:18 Masonry
33:29 Ballistics
33:36 Husbandry
33:47 Bloodlines
34:18 Caravan
34:03 Cavalier
35:16 Chain Barding Armor
36:56 Two-Man Saw
37:53 Chemistry
38:21 Paladin
39:40 Plate Barding Armor
39:40 Iron Casting
42:46 Hand Cart
43:48 Murder Holes
45:17 Blast Furnace
44:59 Conscription
44:02 Pikeman
44:42 Squires
44:47 Halberdier
45:55 Gambesons
45:56 Arson
46:14 Scale Mail Armor
48:04 Chain Mail Armor
48:52 Architecture
Connection lost

Rejoining the realm…

Still unreachable

The connection could not be restored.

Session expired

The server has moved on; the page needs a fresh start.